 Dungeon Crawl Stone Soup version 0.31.0-12-g77e489cdc1 (webtiles) character file.

Game seed: 12169230027893214588

4396 Goblin1989 the Epochal (level 10, 0/63 HPs)
             Began as a Demonspawn Shapeshifter on Feb 16, 2024.
             Was an Elder of Cheibriados.
             Slain by a cyclops (26 damage)
             ... on level 7 of the Dungeon.
             The game lasted 00:25:17 (7547 turns).

Goblin1989 the Epochal (Demonspawn Shapeshifter)    Turns: 7547, Time: 00:25:17

Health: 0/63       AC: 10    Str: 23    XL:     10   Next: 13%
Magic:  0/16       EV: 20    Int: 29    God:    Cheibriados [****..]
Gold:   371        SH:  0    Dex: 23    Spells: 9/9 levels left

rFire   + .          .
                       - Unarmed
rCold   . . .        (shield currently unavailable)
rNeg    + . .        C - melded +0 leather armour of the Cockatrice {*Slow +Inv rElec rCorr}
rPois   .            r - +1 helmet
rElec   .            g - +2 cloak
rCorr   +            (no gloves)
SInv    +            H - +2 pair of boots "Lopluoj" {rCorr Int+6 SInv}
Will    .....        L - amulet of the acrobat
Stlth   +            j - ring of protection from fire
HPRegen 0.30/turn    k - ring of positive energy
MPRegen 0.30/turn

%: random rage (3%), acrobat, guardian spirit
@: flux-form, on berserk cooldown, slowed, glowing, studying Armour, very slow
A: glow, contaminating, reduced hp, hooves 1, rugged brown scales 2, magic
shield, magic regeneration, berserk 1, wild magic 1, inability to drink after
injury 1, noise suppression
a: Begin Untransformation, Renounce Religion, Bend Time, Temporal Distortion,
Slouch


You were on level 7 of the Dungeon.
You worshipped Cheibriados.
Cheibriados was greatly pleased with you.
You were something dangerously unstable.
You visited 1 branch of the dungeon, and saw 7 of its levels.

You collected 371 gold pieces.

Inventory:

Missiles
 P - 3 javelins (quivered) {@Q3}
Armour
 g - a +2 cloak (worn)
 r - a +1 helmet (worn)
 C - the +0 leather armour of the Cockatrice (melded) {*Slow +Inv rElec rCorr}
   (You took it off an orc on level 5 of the Dungeon)

   rElec:     It insulates you from electricity.
   +Inv:      It lets you turn invisible.
   rCorr:     It protects you from acid and corrosion.
   *Slow:     It may slow you when you take damage.
 H - the +2 pair of boots "Lopluoj" (worn) {rCorr Int+6 SInv}
   (You found it on level 6 of the Dungeon)

   Int+6:     It affects your intelligence (+6).
   SInv:      It lets you see invisible.
   rCorr:     It protects you from acid and corrosion.
Jewellery
 j - a ring of protection from fire (left hand)
 k - a ring of positive energy (right hand)
 K - a ring of ice
 L - an amulet of the acrobat (around neck)
Talismans
 c - a beast talisman
 d - a flux talisman (active)
Wands
 w - a wand of digging (9) {@v3}
 y - a wand of charming (13)
 z - a wand of polymorph (11)
 J - a wand of iceblast (8) {@v5}
Scrolls
 e - a scroll of enchant weapon
 m - a scroll of fog
 s - 2 scrolls of poison
 t - 4 scrolls of identify {@r1}
 B - a scroll of revelation
 E - a scroll of amnesia
Potions
 b - a potion of lignification
 h - a potion of ambrosia
 q - a potion of magic
 A - 3 potions of curing {@q1}


   Skills:
 + Level 5.8 Fighting
 + Level 5.7 Armour
 + Level 5.5 Dodging
 + Level 3.6 Stealth
 * Level 6.9 Unarmed Combat
 + Level 8.4 Invocations
 - Level 5.0 Shapeshifting


You had 9 spell levels left.
You didn't know any spells.
Your spell library was empty.

Dungeon Overview and Level Annotations

Branches:
Dungeon (7/15) Zot: 38342
 Temple: D:4-7

Altars:
Ashenzari
Cheibriados
Dithmenos
Gozag
Hepliaklqana
Wu Jian
Xom
Lugonu

Shops:
D:6 :(

Portals:
Abyss: D:5

Annotations:
D:4 exclusion: ogre


Innate Abilities, Weirdness & Mutations

You are something dangerously unstable.
You glow with magical radiation, making you easy to see and hit.
Foes you strike become dangerously contaminated with magical radiation.
Your maximum health is decreased, since you lack skill for your form.
You are incapable of wielding weapons or throwing items.
You have large cloven feet.
You are mostly covered in rugged brown scales. (AC +2, +5% HP)
When hurt, damage is shared between your health and your magic reserves.
You regenerate magic rapidly.
You sometimes lose your temper in combat.
Your spells are a little harder to cast, but a little more powerful.
You occasionally lose the ability to drink potions when taking damage.
You passively dampen the noise of your surroundings.


Message History

Cheibriados appreciates the change of pace.
The kobold demonologist completely misses you.
You hit the kobold demonologist but do no damage.
The kobold demonologist begins to glow.
The kobold demonologist misses you.
You barely miss the kobold demonologist.
The kobold demonologist closely misses you. x2
You hit the kobold demonologist.
The kobold demonologist glows dangerously bright.
The kobold demonologist is lightly wounded.
The kobold demonologist hits you with a +2 dagger of draining.
You partially resist.
You feel drained.
You take 2 damage, and have 41/62 hp.
You now have 14/16 mp.
You hit the kobold demonologist.
The kobold demonologist shudders as magic cascades through it.
The kobold demonologist twists and deforms.
The kobold demonologist is moderately wounded.
The kobold demonologist hits you but does no damage.
You partially resist.
You miss the kobold demonologist.
The kobold demonologist is moderately wounded.
The kobold demonologist hits you with a +2 dagger of draining.
You partially resist.
You feel drained.
You take 1 damage, and have 40/61 hp.
You hit the kobold demonologist.
The kobold demonologist begins to glow.
The kobold demonologist is moderately wounded.
The kobold demonologist hits you with a +2 dagger of draining.
You partially resist.
You feel drained. The kobold demonologist misses you.
You take 1 damage, and have 39/60 hp.
You hit the kobold demonologist.
The kobold demonologist glows dangerously bright.
The kobold demonologist is moderately wounded.
The kobold demonologist hits you but does no damage.
You partially resist.
MP restored: 16 You hit the kobold demonologist.
The kobold demonologist shudders as magic cascades through it!
The kobold demonologist twists and deforms.
The kobold demonologist is almost dead.
The kobold demonologist casts a spell.
You completely miss the kobold demonologist.
The kobold demonologist is almost dead.
The kobold demonologist hits you but does no damage.
You partially resist. The red devil completely misses you.
The kobold demonologist gestures wildly while chanting.
You hit the kobold demonologist.
You kill the kobold demonologist!
Cheibriados appreciates the change of pace.
The red devil disappears in a puff of smoke!
The hellwing disappears in a puff of smoke!
The orc warrior unwields a +4 heavy long sword.
The orc warrior wields a +2 sling of freezing.
It is covered in frost.
The orc warrior shoots a sling bullet.
The sling bullet barely misses you.
Your life force feels restored.
A cyclops comes into view.
Your hearing returns.
The cyclops shouts!
The orc warrior unwields a +2 sling of freezing.
The orc warrior wields a +4 heavy long sword.
The orc warrior misses you.
The orc warrior hits you with a +4 heavy long sword!
Items here: )))) = [[ †.
You take 6 damage, and have 35/63 hp.
You now have 13/16 mp.
You miss the orc warrior.
The orc warrior hits you with a +4 heavy long sword!!
* * * LOW HITPOINT WARNING * * *
You take 13 damage, and have 22/63 hp.
MASSIVE DAMAGE!!
You now have 8/16 mp.
As you read the scroll labelled DEHASO SEPPUIXT, it crumbles to dust.
It is a scroll of brand weapon.
The +2 dagger of draining projects an invisible shield of force! a +2 dagger of protection The orc warrior completely misses you.
It was a potion of berserk rage.
You're still recovering from your berserk rage.
The orc warrior barely misses you.
You warp the flow of time around you!
You now have 5/16 mp.
You barely miss the cyclops. The cyclops barely misses you.
Found a phial of floods.
The orc warrior unwields a +4 heavy long sword.
The orc warrior wields a +2 sling of freezing.
It is covered in frost.
The orc warrior shoots a sling bullet.
The sling bullet completely misses you. The cyclops barely misses you.
Found a +0 glaive.
The cyclops throws a large rock.
The large rock completely misses you.
You don't know any spells.
Unknown command.
Activating: Slouch (5% risk of failure)
Press: ? - help, Dir - look around, f - activate You can feel time thicken for a moment.
Cheibriados lowers the support of your attributes as your movement quickens.
A howler monkey comes into view.
The howler monkey moves out of view.
You now have 3/16 mp.
You hit the cyclops.
The cyclops begins to glow.
The cyclops is moderately wounded.
The cyclops barely misses you.
You punch the cyclops!
The cyclops glows dangerously bright.
The cyclops is heavily wounded.
The cyclops hits you!!
You die...

██....███▓··.c.█.█.██(████..█.██)
████.█··▓▓▓oK.█.█....█.████..██.
█.█▓▓··███...███..█...███....
█.█▓▓▓▓..███.█......█.....[..
█.█·▓ ▓▓█..█.███..█...███..█.
█.█·▓▓ ███..█.H..█.███[..██.
█.█··▓▓▓█████.)██(███...█████
█.█▓▓)..██████).███...███····
██.█ ▓·█}....pC███...███ ▓·▓▓▓
██..█▓▓.}:███████...█████ ▓·▓
█...█··▓▓▓████....███████ ▓·▓
█...█·▓▓ ███.....████████ ▓·▓
█.█.█·▓███......█████████ ▓·▓
█.█.████....█████ ▓·▓
██.█......█..█ ▓·▓
██..███.████.██ ▓·▓ ...██ █.█
█.███████ ▓·▓


You could see a cyclops (heavy contam).

Vanquished Creatures
  3 two-headed ogres (D:7)
  A kobold demonologist (D:7)
  A wyvern (D:7)
  A steam dragon (D:6)
  Menkaure (D:5)
  An acid dragon (D:7)
  2 water moccasins (D:7)
  An orc warrior (D:7)
  2 sky beasts (D:7)
  A black bear (D:7)
  2 ogres
  A kobold brigand (D:7)
  A bullfrog (D:7)
  6 scorpions
  A howler monkey (D:6)
  5 jellies
  5 hounds
  A sleepcap (D:5)
  2 iguanas
  6 adders
  5 white imps
  A ribbon worm (D:2)
  4 dart slugs
  17 orcs
  7 endoplasms
  3 giant cockroaches
  3 goblins
  6 hobgoblins
  4 quokkas
  5 ball pythons
  10 bats
  7 frilled lizards
  9 kobolds
  2 rats
127 creatures vanquished.

Vanquished Creatures (others)
  2 lurking horrors (D:5)
2 creatures vanquished.

Grand Total: 129 creatures vanquished

Notes
Turn   | Place    | Note
-------+----------+-------------------------------------------
     0 | D:1      | Goblin1989 the Demonspawn Shapeshifter began the quest for
                  | the Orb.
     0 | D:1      | Reached XP level 1. HP: 15/15 MP: 1/1
    64 | D:1      | Found a faded altar of an unknown god.
   103 | D:1      | Prayed at the altar of an unknown god.
   103 | D:1      | Became a worshipper of Cheibriados the Contemplative
   103 | D:1      | Reached * piety under Cheibriados
   169 | D:1      | Gained mutation: You have large cloven feet. [demonic
                  | ancestry]
   169 | D:1      | Reached XP level 2. HP: 21/21 MP: 2/2
   925 | D:2      | Reached ** piety under Cheibriados
  1000 | D:2      | Reached XP level 3. HP: 26/26 MP: 3/3
  2031 | D:3      | Reached XP level 4. HP: 29/32 MP: 4/4
  2592 | D:3      | Reached *** piety under Cheibriados
  2593 | D:3      | Reached skill level 1 in Stealth
  3118 | D:4      | Reached skill level 1 in Invocations
  3146 | D:4      | Noticed an ogre
  3278 | D:3      | Identified a scroll of acquirement
  3278 | D:3      | Acquired a manual of Armour
  3519 | D:4      | Found a shadowy altar of Dithmenos.
  3549 | D:4      | Gained mutation: You are partially covered in rugged brown
                  | scales. (AC +1, +3% HP) [demonic ancestry]
  3549 | D:4      | Reached XP level 5. HP: 30/39 MP: 6/6
  3641 | D:5      | Entered Level 5 of the Dungeon
  3655 | D:5      | Reached skill level 2 in Invocations
  3763 | D:5      | Identified the +0 leather armour of the Cockatrice {*Slow
                  | +Inv rElec rCorr}
  3914 | D:5      | Reached **** piety under Cheibriados
  3948 | D:5      | Noticed Menkaure
  3956 | D:5      | Killed Menkaure
  3957 | D:5      | Reached skill level 3 in Invocations
  3957 | D:5      | Gained mutation: You regenerate magic rapidly. [demonic
                  | ancestry]
  3957 | D:5      | Reached XP level 6. HP: 28/47 MP: 8/8
  4446 | D:5      | Reached skill level 4 in Invocations
  4451 | D:5      | Gained mutation: You passively dampen the noise of your
                  | surroundings. [potion of mutation]
  4451 | D:5      | Gained mutation: You occasionally lose the ability to drink
                  | potions when taking damage. [potion of mutation]
  4451 | D:5      | Gained mutation: You sometimes lose your temper in combat.
                  | [potion of mutation]
  4451 | D:5      | Gained mutation: Your spells are a little harder to cast,
                  | but a little more powerful. [potion of mutation]
  4608 | D:5      | Found a one-way gate to the infinite horrors of the Abyss.
  4770 | D:5      | Reached XP level 7. HP: 43/52 MP: 10/10
  4827 | D:5      | Found a corrupted altar of Lugonu.
  4976 | D:6      | Identified the +2 pair of boots "Lopluoj" {rCorr Int+6
                  | SInv}
  4991 | D:6      | Reached skill level 5 in Invocations
  5183 | D:6      | Found an ornate altar of the Wu Jian Council.
  5188 | D:6      | Found an opulent altar of Gozag.
  5189 | D:6      | Found a shimmering altar of Xom.
  5190 | D:6      | Found a broken altar of Ashenzari.
  5194 | D:6      | Found a hazy altar of Hepliaklqana.
  5538 | D:6      | Noticed a +0 demon blade
  5539 | D:6      | Found Surilapp's Weapon Shop.
  5539 | D:6      | Noticed a +0 lajatang
  5554 | D:6      | Reached skill level 6 in Invocations
  5669 | D:6      | Gained mutation: When hurt, damage is shared between your
                  | health and your magic reserves. [demonic ancestry]
  5669 | D:6      | Reached XP level 8. HP: 48/61 MP: 12/12
  5748 | D:6      | Found Enwekk's Tremendous Tomes.
  5778 | D:6      | Reached skill level 1 in Armour
  6190 | D:7      | Reached skill level 7 in Invocations
  6361 | D:7      | Noticed a two-headed ogre
  6653 | D:7      | Reached skill level 5 in Unarmed Combat
  6768 | D:7      | Reached skill level 5 in Shapeshifting
  7068 | D:7      | Reached XP level 9. HP: 66/67 MP: 14/14
  7127 | D:7      | Killed a two-headed ogre
  7128 | D:7      | Reached skill level 5 in Fighting
  7131 | D:7      | HP: 1/70 [ogre/+0 giant club (15)]
  7470 | D:7      | Reached skill level 5 in Dodging
  7503 | D:7      | Noticed a kobold demonologist
  7504 | D:7      | Noticed a two-headed ogre
  7504 | D:7      | Noticed a manticore
  7506 | D:7      | Noticed a two-headed ogre
  7513 | D:7      | Killed a two-headed ogre
  7513 | D:7      | Identified the ring "Pepp" {rF+ Str+6 Dex+3 Slay-5}
  7514 | D:7      | Reached skill level 5 in Armour
  7514 | D:7      | Reached skill level 8 in Invocations
  7521 | D:7      | Killed a two-headed ogre
  7522 | D:7      | Gained mutation: You are mostly covered in rugged brown
                  | scales. (AC +2, +5% HP) [demonic ancestry]
  7522 | D:7      | Reached XP level 10. HP: 60/79 MP: 12/16
  7527 | D:7      | Identified the ring "Zim Jesk" {rC+ EV+5 Str+2 Slay+3}
  7538 | D:7      | Noticed a cyclops
  7547 | D:7      | Slain by a cyclops

Illustrated notes

Levels and vault maps discovered:
D:1:      lemuel_arrival_room, layout_basic, ebering_ecumenical_altar_ruins,
          corner_web_ring
D:2:      layout_basic, amethyst_killhole, minivault_26,
          kennysheep_generic_room_5
D:3:      layout_basic, grunt_ministairs_6, nicolae_hexahallways,
          dk_noncrumbling_2, wander_ebering_terrifying_dragon_lair
D:4:      layout_gridville, nicolae_elyvilon_peaceful_grove,
          nicolae_dithmenos_the_darkroom
D:5:      layout_gridville, minmay_temple_entry_drinking_statues,
          minmay_misc_feat_rugged, amcnicky_altar_lugonu_corruption,
          uniq_menkaure
D:6:      nicolae_whirlpool, layout_loops_cross, minitemple, serial_shops,
          nicolae_shop_mannequins, nicolae_shop_i_like_big_books
D:7:      minmay_the_grid_triangle_9x9_rhombus_thin
          [minmay_the_grid_triangle_9x9_cache,
          minmay_the_grid_triangle_9x9_prize_center,
          minmay_the_grid_triangle_9x9_dagger,
          minmay_the_grid_triangle_9x9_alien], layout_loops_ring, uniq_duvessa

Skill      XL: |  1  2  3  4  5  6  7  8  9 |
---------------+----------------------------+-----
Shapeshifting  | 3 4 5 |  5.0
Unarmed Combat | 3 4 5 6 |  6.9
Dodging        | 2 3 4 5 |  5.5
Stealth        | 1 3 |  3.6
Invocations    | 1 3 4 6 7 8 |  8.4
Fighting       | 2 3 4 5 |  5.8
Armour         | 3 5 |  5.7

Action                     |  1- 3 |  4- 6 |  7- 9 | 10-12 || total
---------------------------+-------+-------+-------+-------++-------
  Melee: Unarmed           |    95 |   125 |   163 |    20 ||   403
         Kick              |    12 |    31 |    49 |       ||    92
         Punch             |       |     2 |     5 |       ||     7
 Invoke: Slouch            |       |       |       |     1 ||     1
         Temporal Distorti |       |       |       |     1 ||     1
    Use: Scroll            |       |    10 |     4 |     1 ||    15
         Potion            |       |     8 |     2 |     1 ||    11
   Stab: Sleeping          |     1 |     3 |     6 |       ||    10
 Armour: Animal skin       |    52 |    51 |       |       ||   103
         Skin              |       |     4 |    10 |     9 ||    23
         Leather armour    |       |     1 |    81 |       ||    82
  Dodge: Dodged            |    70 |    79 |   109 |    19 ||   277
   Form: Beast             |       |       |     2 |       ||     2
                           |       |       |     2 |       ||     2
         Flux              |       |       |     1 |       ||     1
